[ AOE2 MATCH · #506198086 ]
UnrankedBritons vs Vietnamese
Player's team · WIN
Rival team · LOSS
[ REPLAY ANALYSIS · EXTRACTED FROM THE RECORDED GAME ]
Feudal
9:23
Castle
20:20
Imperial
34:59
| APM avg | 58.1 |
| APM peak | 90 |
| eAPM avg | 27.2 |
| Villagers / military | 98 / 59 |
Focus
⚔️ 49.2% · 🌾 50.8%
Archer ×47 · Mangonel ×8 · Monk ×2 · Trebuchet (Packed) ×2
Feudal
10:08
Castle
20:40
Imperial
37:42
| APM avg | 81.4 |
| APM peak | 118 |
| eAPM avg | 26.0 |
| Villagers / military | 108 / 96 |
Focus
⚔️ 36.9% · 🌾 63.1%
Skirmisher ×33 · Rattan Archer ×33 · Archer ×14 · Militia ×7 · Mangonel ×4 · Battering Ram ×3
Match map
Initial resources + every placement click. Lines = walls · curves = elevation contours. ◆ gold · ⬟ stone · ● berries · ✦ relic · ◌ wall gap
Your base· ✓ Closed at 20:20 · 33t walls · 1 gate(s)
Dr. Snizl's base· Open — unwalled flank
Smoothed initial terrain · ◌ = detected wall gap · hover for details
Inputs per minute
— JoeSham - - Dr. Snizl
Build order — JoeSham
First 150 of 262 actions detected
| 0:00 | Create | Villager (Male) |
| 0:01 | Create | Villager (Male) |
| 0:01 | Create | Villager (Male) |
| 0:02 | Build | House |
| 0:05 | Build | House |
| 0:27 | Create | Villager (Male) |
| 1:24 | Create | Villager (Male) |
| 1:49 | Create | Villager (Male) |
| 2:06 | Build | Lumber Camp |
| 2:16 | Create | Villager (Male) |
| 2:34 | Create | Villager (Male) |
| 2:58 | Create | Villager (Male) |
| 3:00 | Build | House |
| 3:53 | Create | Villager (Male) |
| 3:58 | Create | Villager (Male) |
| 4:21 | Create | Villager (Male) |
| 4:34 | Create | Villager (Male) |
| 5:12 | Build | Mill |
| 5:31 | Create | Villager (Male) |
| 5:42 | Create | Villager (Male) |
| 5:42 | Create | Villager (Male) |
| 5:43 | Research | Loom |
| 5:45 | Create | Villager (Male) |
| 6:26 | Build | House |
| 6:28 | Build | House |
| 6:32 | Build | Palisade Wall |
| 7:09 | Research | Feudal Age |
| 7:32 | Build | Lumber Camp |
| 8:01 | Build | Palisade Wall |
| 8:07 | Build | Barracks |
| 8:12 | Build | Palisade Wall |
| 8:16 | Build | Palisade Wall |
| 8:31 | Create | Villager (Male) |
| 8:35 | Build | Palisade Wall |
| 8:41 | Create | Villager (Male) |
| 8:45 | Build | Palisade Wall |
| 8:55 | Build | Palisade Wall |
| 8:56 | Build | Palisade Wall |
| 8:58 | Build | Palisade Wall |
| 9:23 | Age | Feudal Age |
| 9:26 | Research | Double-Bit Axe |
| 9:36 | Build | Archery Range |
| 9:37 | Create | Villager (Male) |
| 10:05 | Build | House |
| 10:21 | Create | Villager (Male) |
| 10:40 | Build | Mining Camp |
| 10:45 | Build | House |
| 10:47 | Create | Archer |
| 10:54 | Create | Villager (Male) |
| 11:01 | Build | Palisade Gate |
| 11:14 | Create | Villager (Male) |
| 11:27 | Create | Villager (Male) |
| 11:54 | Create | Villager (Male) |
| 12:14 | Create | Villager (Male) |
| 12:18 | Create | Archer |
| 12:40 | Build | House |
| 12:50 | Build | Blacksmith |
| 13:00 | Build | House |
| 13:04 | Create | Villager (Male) |
| 13:10 | Create | Villager (Male) |
| 13:25 | Create | Villager (Male) |
| 13:25 | Create | Archer |
| 13:30 | Build | House |
| 13:49 | Create | Villager (Male) |
| 13:52 | Build | Farm |
| 13:53 | Build | Farm |
| 13:56 | Create | Archer |
| 14:10 | Create | Archer |
| 14:17 | Create | Villager (Male) |
| 14:20 | Build | Farm |
| 14:20 | Build | Farm |
| 14:22 | Build | Farm |
| 14:45 | Build | Farm |
| 14:51 | Create | Archer |
| 14:56 | Create | Villager (Male) |
| 14:57 | Build | Farm |
| 15:13 | Build | House |
| 15:32 | Build | House |
| 15:47 | Build | Farm |
| 15:48 | Build | Farm |
| 15:50 | Build | House |
| 15:53 | Build | House |
| 16:01 | Create | Archer |
| 16:29 | Build | Farm |
| 16:30 | Build | Farm |
| 16:40 | Create | Archer |
| 17:15 | Create | Villager (Male) |
| 17:19 | Build | Farm |
| 17:26 | Research | Castle Age |
| 17:39 | Build | Farm |
| 17:42 | Create | Archer |
| 17:48 | Research | Gold Mining |
| 18:02 | Research | Horse Collar |
| 18:03 | Research | Fletching |
| 18:04 | Research | Padded Archer Armor |
| 18:07 | Create | Archer |
| 18:34 | Create | Villager (Male) |
| 19:15 | Build | Archery Range |
| 19:18 | Create | Archer |
| 19:22 | Build | Farm |
| 19:25 | Create | Archer |
| 19:28 | Create | Archer |
| 19:40 | Create | Archer |
| 19:55 | Create | Archer |
| 20:09 | Create | Archer |
| 20:20 | Age | Castle Age |
| 20:23 | Research | Bodkin Arrow |
| 20:23 | Research | Crossbowman (upgrade) |
| 20:34 | Build | Siege Workshop |
| 21:03 | Create | Archer |
| 21:11 | Create | Archer |
| 21:13 | Create | Archer |
| 21:23 | Create | Archer |
| 21:32 | Build | House |
| 21:35 | Create | Archer |
| 21:35 | Create | Villager (Male) |
| 21:42 | Build | House |
| 21:51 | Create | Archer |
| 21:58 | Create | Archer |
| 22:09 | Create | Villager (Male) |
| 22:09 | Create | Villager (Male) |
| 22:17 | Build | Town Center |
| 22:19 | Create | Mangonel |
| 22:39 | Create | Villager (Male) |
| 22:43 | Create | Archer |
| 22:43 | Create | Villager (Male) |
| 22:44 | Create | Villager (Male) |
| 22:45 | Research | Bow Saw |
| 22:58 | Create | Archer |
| 23:46 | Create | Archer |
| 23:46 | Create | Archer |
| 23:53 | Create | Villager (Male) |
| 23:53 | Create | Villager (Male) |
| 24:07 | Create | Mangonel |
| 24:19 | Create | Villager (Male) |
| 24:44 | Create | Villager (Male) |
| 24:44 | Create | Villager (Male) |
| 24:53 | Create | Villager (Male) |
| 24:53 | Create | Villager (Male) |
| 25:03 | Build | Town Center |
| 25:12 | Build | Siege Workshop |
| 25:19 | Create | Villager (Male) |
| 25:19 | Research | Wheelbarrow |
| 25:22 | Create | Archer |
| 25:26 | Create | Archer |
| 25:28 | Create | Archer |
| 25:39 | Build | House |
| 26:06 | Create | Villager (Male) |
| 26:08 | Create | Archer |
| 26:20 | Create | Villager (Male) |
Build order — Dr. Snizl
First 150 of 333 actions detected
| 0:00 | Create | Villager (Male) |
| 0:00 | Create | Villager (Male) |
| 0:02 | Build | House |
| 0:03 | Build | House |
| 0:19 | Create | Villager (Male) |
| 0:19 | Create | Villager (Male) |
| 1:22 | Create | Villager (Male) |
| 1:43 | Build | Lumber Camp |
| 1:53 | Create | Villager (Male) |
| 2:23 | Create | Villager (Male) |
| 2:56 | Create | Villager (Male) |
| 2:57 | Create | Villager (Male) |
| 3:34 | Create | Villager (Male) |
| 3:44 | Build | Palisade Wall |
| 3:52 | Build | House |
| 4:06 | Create | Villager (Male) |
| 4:30 | Build | Mill |
| 4:42 | Build | Barracks |
| 4:46 | Create | Villager (Male) |
| 4:47 | Create | Villager (Male) |
| 5:26 | Create | Villager (Male) |
| 5:37 | Create | Villager (Male) |
| 5:37 | Create | Villager (Male) |
| 5:47 | Build | Mill |
| 6:00 | Create | Villager (Male) |
| 6:11 | Create | Militia |
| 6:12 | Build | House |
| 6:31 | Research | Loom |
| 6:32 | Create | Villager (Male) |
| 6:39 | Create | Militia |
| 7:10 | Create | Villager (Male) |
| 7:44 | Build | House |
| 7:58 | Research | Feudal Age |
| 7:58 | Research | Feudal Age |
| 8:16 | Build | Mining Camp |
| 8:18 | Build | Palisade Wall |
| 8:49 | Build | House |
| 8:50 | Build | Palisade Wall |
| 8:59 | Create | Militia |
| 8:59 | Create | Militia |
| 9:22 | Create | Militia |
| 10:08 | Age | Feudal Age |
| 10:09 | Build | Archery Range |
| 10:11 | Research | Double-Bit Axe |
| 10:27 | Research | Man-at-Arms (upgrade) |
| 10:35 | Create | Villager (Male) |
| 10:36 | Create | Villager (Male) |
| 10:39 | Research | Horse Collar |
| 10:51 | Create | Archer |
| 11:06 | Create | Villager (Male) |
| 11:23 | Create | Archer |
| 11:33 | Create | Villager (Male) |
| 11:52 | Create | Villager (Male) |
| 11:57 | Create | Archer |
| 11:59 | Create | Villager (Male) |
| 12:02 | Build | House |
| 12:09 | Create | Villager (Male) |
| 12:14 | Create | Villager (Male) |
| 12:20 | Build | Blacksmith |
| 12:28 | Build | Farm |
| 12:30 | Build | Farm |
| 13:01 | Build | Farm |
| 13:04 | Build | Farm |
| 13:12 | Build | House |
| 13:15 | Build | Farm |
| 13:15 | Research | Fletching |
| 13:17 | Create | Archer |
| 13:26 | Create | Villager (Male) |
| 13:31 | Build | Farm |
| 13:34 | Build | Farm |
| 13:35 | Create | Villager (Male) |
| 13:43 | Build | House |
| 13:46 | Build | Farm |
| 14:01 | Create | Villager (Male) |
| 14:03 | Create | Archer |
| 14:24 | Build | Lumber Camp |
| 14:27 | Create | Archer |
| 14:42 | Research | Wheelbarrow |
| 14:45 | Create | Villager (Male) |
| 14:58 | Create | Archer |
| 15:17 | Create | Archer |
| 15:26 | Create | Villager (Male) |
| 15:47 | Create | Villager (Male) |
| 15:47 | Create | Archer |
| 15:59 | Create | Villager (Male) |
| 16:06 | Build | Farm |
| 16:06 | Build | Farm |
| 16:12 | Create | Villager (Male) |
| 16:18 | Build | Market |
| 16:38 | Create | Archer |
| 16:42 | Build | Farm |
| 16:43 | Build | Farm |
| 16:45 | Build | Farm |
| 17:12 | Create | Villager (Male) |
| 17:15 | Build | House |
| 17:21 | Build | Farm |
| 17:24 | Build | Farm |
| 18:00 | Research | Castle Age |
| 18:04 | Create | Skirmisher |
| 18:04 | Create | Skirmisher |
| 18:12 | Create | Villager (Male) |
| 18:19 | Build | House |
| 18:31 | Build | Archery Range |
| 18:34 | Create | Skirmisher |
| 18:36 | Create | Villager (Male) |
| 18:48 | Build | Palisade Wall |
| 18:52 | Build | Palisade Wall |
| 18:55 | Build | Palisade Wall |
| 18:58 | Build | Palisade Wall |
| 19:00 | Build | Palisade Wall |
| 19:04 | Create | Skirmisher |
| 19:05 | Research | Padded Archer Armor |
| 19:08 | Research | Gold Mining |
| 19:17 | Create | Skirmisher |
| 19:43 | Build | Archery Range |
| 19:45 | Create | Skirmisher |
| 19:46 | Create | Skirmisher |
| 20:01 | Create | Skirmisher |
| 20:10 | Research | Scale Mail Armor |
| 20:13 | Create | Skirmisher |
| 20:24 | Create | Villager (Male) |
| 20:40 | Age | Castle Age |
| 20:44 | Research | Elite Skirmisher (upgrade) |
| 21:04 | Research | Crossbowman (upgrade) |
| 21:07 | Research | Bodkin Arrow |
| 21:26 | Create | Archer |
| 21:27 | Create | Villager (Male) |
| 21:30 | Create | Villager (Male) |
| 21:33 | Build | Siege Workshop |
| 21:35 | Create | Skirmisher |
| 21:42 | Create | Skirmisher |
| 21:42 | Create | Archer |
| 21:46 | Create | Villager (Male) |
| 21:53 | Research | Bow Saw |
| 22:04 | Create | Skirmisher |
| 22:05 | Create | Villager (Male) |
| 22:26 | Create | Battering Ram |
| 22:26 | Create | Battering Ram |
| 22:32 | Research | Leather Archer Armor |
| 22:38 | Create | Villager (Male) |
| 22:42 | Create | Skirmisher |
| 22:53 | Build | House |
| 23:03 | Create | Skirmisher |
| 23:18 | Create | Archer |
| 23:32 | Create | Archer |
| 23:39 | Create | Villager (Male) |
| 23:43 | Create | Villager (Male) |
| 23:46 | Create | Skirmisher |
| 23:46 | Create | Skirmisher |
| 23:49 | Create | Villager (Male) |
Match timeline
| 3:44 | Dr. Snizl · wall_segment Palisade Wall x1 |
| 4:42 | Dr. Snizl · first_building Barracks |
| 6:32 | JoeSham · wall_segment Palisade Wall x5 |
| 8:01 | JoeSham · wall_segment Palisade Wall x1 |
| 8:07 | JoeSham · first_building Barracks |
| 8:12 | JoeSham · wall_segment Palisade Wall x7 |
| 8:16 | JoeSham · wall_segment Palisade Wall x2 |
| 8:18 | Dr. Snizl · wall_segment Palisade Wall x1 |
| 8:35 | JoeSham · wall_segment Palisade Wall x8 |
| 8:45 | JoeSham · wall_segment Palisade Wall x5 |
| 8:50 | Dr. Snizl · wall_segment Palisade Wall x1 |
| 8:55 | JoeSham · wall_segment Palisade Wall x2 |
| 8:56 | JoeSham · wall_segment Palisade Wall x1 |
| 8:58 | JoeSham · wall_segment Palisade Wall x2 |
| 9:23 | JoeSham · age_up feudal |
| 9:36 | JoeSham · first_building Archery Range |
| 10:08 | Dr. Snizl · age_up feudal |
| 10:09 | Dr. Snizl · first_building Archery Range |
| 17:30 | Dr. Snizl · first_market_sell 100 stone |
| 17:31 | Dr. Snizl · first_market_buy 100 food |
| 18:48 | Dr. Snizl · wall_segment Palisade Wall x1 |
| 18:52 | Dr. Snizl · wall_segment Palisade Wall x4 |
| 18:55 | Dr. Snizl · wall_segment Palisade Wall x5 |
| 18:58 | Dr. Snizl · wall_segment Palisade Wall x5 |
| 19:00 | Dr. Snizl · wall_segment Palisade Wall x17 |
| 20:20 | JoeSham · age_up castle |
| 20:34 | JoeSham · first_building Siege Workshop |
| 20:40 | Dr. Snizl · age_up castle |
| 21:33 | Dr. Snizl · first_building Siege Workshop |
| 29:08 | Dr. Snizl · first_building Monastery |
| 30:39 | Dr. Snizl · first_building Castle |
| 31:20 | JoeSham · first_building Monastery |
| 34:19 | JoeSham · first_building Castle |
| 34:59 | JoeSham · age_up imperial |
| 37:42 | Dr. Snizl · age_up imperial |
| 38:21 | Dr. Snizl · resign |
[ AI ANALYSIS · 1 CREDIT ]
What really happened in this match?
Wolo.gg analyzes every decision: build order, eco, micro, common mistakes by bracket. Personalized analysis on WhatsApp or Discord in 30 seconds.
Civ guide
Britons
Perfil
Jugador #1892196